AoeStats
← Tarco I4967

Arabia

510320277Analyzed
3v3 RM · 3d ago on Sep 30, 2026· 53m 35s· 6 players
Game mode
Random Map
Map size
Normal (6 player)
Population
200
Speed
Normal
Resources
Standard
Victory
Conquest
Starting age
Dark Age
Ending age
Imperial Age
RankedLock teamsTeams togetherTeam positionsShared explorationLock speedFull tech treeHidden civsTurbo modeCheats
Victory
Defeat
🇦🇷 Byzantines · Argentina
618
+13
🇬🇧 Japanese · United Kingdom
608
+14
🇹🇷 Saracens · Türkiye
533
+17
🇩🇪 Huns · Germany
615
-39
🇩🇪 Romans · Germany
561
-15
🇩🇪 Franks · Germany
486
-12
zLxgends-
7:28 Loom
14:16 Feudal Age
16:08 Wheelbarrow
24:18 Double-Bit Axe
24:32 Gold Mining
24:33 Stone Mining
36:37 Castle Age
36:46 Castle Age
37:02 Man-at-Arms
G!N0 C@$!N0
10:43 Feudal Age
11:20 Double-Bit Axe
14:23 Bloodlines
15:02 Forging
17:55 Wheelbarrow
25:29 Castle Age
25:33 Gold Mining
26:15 Stone Mining
26:55 Hand Cart
26:52 Bow Saw
26:11 Light Cavalry
27:15 Scale Barding Armor
28:40 Horse Collar
32:27 Loom
33:00 Man-at-Arms
34:21 Pikeman
37:29 Ballistas
37:04 Long Swordsman
37:44 Squires
42:01 Imperial Age
39:54 Ballistics
39:30 Murder Holes
calvindukelb
13:48 Feudal Age
13:19 Loom
16:13 Double-Bit Axe
18:52 Wheelbarrow
26:20 Stone Mining
26:20 Gold Mining
29:01 Forging
28:52 Scale Mail Armor
28:58 Scale Barding Armor
28:55 Padded Archer Armor
28:53 Horse Collar
35:49 Castle Age
34:14 Fletching
37:17 Hand Cart
36:51 Elite Skirmisher
36:56 Crossbowman
37:49 Husbandry
38:00 Bloodlines
37:13 Light Cavalry
48:15 Gold Shaft Mining
49:45 Marauders
deano earlhs
0:46 Loom
10:34 Feudal Age
11:53 Wheelbarrow
15:34 Double-Bit Axe
18:36 Horse Collar
25:24 Castle Age
28:51 Squires
28:12 Pikeman
29:24 Crossbowman
33:21 Bow Saw
36:37 Padded Archer Armor
36:28 Fletching
37:19 Hand Cart
42:27 Imperial Age
40:41 Ballistics
40:02 Treadmill Crane
42:18 Thumb Ring
43:46 Hoardings
45:55 Leather Archer Armor
45:51 Forging
45:42 Scale Mail Armor
45:29 Elite Samurai
46:11 Yasama
47:54 Chemistry
46:48 Guard Tower
47:49 Gold Mining
49:43 Kataparuto
50:56 Husbandry
51:07 Bloodlines
51:47 Gold Shaft Mining
51:54 Cavalier
kızılelma
0:29 Loom
12:47 Feudal Age
16:07 Wheelbarrow
15:20 Double-Bit Axe
15:19 Horse Collar
19:46 Stone Mining
20:31 Gold Mining
27:15 Castle Age
28:12 Caravan
29:25 Husbandry
30:28 Bow Saw
32:24 Hand Cart
37:26 Imperial Age
38:04 Elite Mameluke
41:39 Counterweights
48:25 Ballistics
49:08 Chemistry
48:14 Siege Engineers
48:20 Masonry
Tarco I4967
7:18 Loom
11:04 Feudal Age
12:28 Double-Bit Axe
14:24 Horse Collar
15:29 Gold Mining
19:56 Wheelbarrow
20:05 Wheelbarrow
21:54 Fletching
24:07 Castle Age
25:12 Hand Cart
25:27 Forging
26:08 Bow Saw
27:27 Scale Barding Armor
29:29 Scale Mail Armor
29:38 Squires
30:57 Gambesons
32:16 Gold Shaft Mining
35:17 Husbandry
34:38 Light Cavalry
36:24 Pikeman
42:34 Iron Casting
42:16 Chain Mail Armor
42:58 Chain Barding Armor
43:02 Ballistics
42:39 Murder Holes
42:36 Guard Tower
Connection lost

Rejoining the realm…

Still unreachable

The connection could not be restored.

Session expired

The server has moved on; the page needs a fresh start.